 Dungeon Crawl Stone Soup version 0.24.0-37-gcf1ca852f1 (webtiles) character file.

Game seed: 9709839478146026518, levelgen mode: deterministic

2443 Mrkan the Cleaver (level 9, -3/79 HPs)
             Began as a Minotaur Fighter on Dec 3, 2019.
             Was a Follower of Nemelex Xobeh.
             Slain by a troll (11 damage)
             ... on level 9 of the Dungeon.
             The game lasted 00:09:25 (5670 turns).

Mrkan the Cleaver (Minotaur Fighter)                Turns: 5670, Time: 00:09:26

Health: -3/79      AC: 15    Str: 21    XL:     9   Next: 25%
Magic:  5/8        EV:  5    Int: 10    God:    Nemelex Xobeh [*.....]
Gold:   92         SH: 11    Dex: 13    Spells: 8/8 levels left

rFire    . . .     SeeInvis .   a - +0 war axe
rCold    x . .     Gourm    .   c - +0 shield
rNeg     . . .     Faith    .   y - +1 plate armour "Unemetyx" {rElec rC- rCorr Int+5}
rPois    .         Spirit   .   (helmet restricted)
rElec    +         Reflect  .   (no cloak)
rCorr    +         Harm     .   (no gloves)
MR       .....                  q - +0 pair of boots (curse)
Stlth    ..........             (no amulet)
HPRegen  0.23/turn              (no ring)
MPRegen  0.11/turn              (no ring)

@: no status effects
A: retaliatory headbutt, horns 2
a: Draw Escape, Draw Destruction, Draw Summoning, Renounce Religion


You were on level 9 of the Dungeon.
You worshipped Nemelex Xobeh.
Nemelex Xobeh was aware of your devotion.
You were hungry.

You visited 1 branch of the dungeon, and saw 9 of its levels.

You collected 257 gold pieces.
You spent 165 gold pieces at shops.

Inventory:

Hand Weapons
 a - a +0 war axe (weapon)
 o - a +1 vampiric long sword
Armour
 c - a +0 shield (worn)
 i - a +0 chain mail
 q - a cursed +0 pair of boots (worn)
 y - the +1 plate armour "Unemetyx" (worn) {rElec rC- rCorr Int+5}
   (You found it on level 5 of the Dungeon)

   It affects your intelligence (+5).
   It makes you vulnerable to cold.
   It insulates you from electricity.
   It provides partial protection from all sources of acid and corrosion.
Jewellery
 b - a +3 ring of intelligence {unknown}
 m - an uncursed amulet of the acrobat
 s - an uncursed amulet of faith {unknown}
 x - an uncursed amulet of guardian spirit {unknown}
 z - a +5 ring of protection {unknown}
 A - an uncursed ring of protection from magic {unknown}
 E - an uncursed ring of positive energy {unknown}
Wands
 w - a wand of digging (1)
 B - a wand of scattershot (4)
 G - a wand of iceblast (3)
Scrolls
 e - 2 scrolls of immolation {unknown}
 g - 4 scrolls of teleportation {unknown}
 j - 2 scrolls of enchant weapon {unknown}
 n - 3 scrolls of random uselessness {unknown}
 r - 6 scrolls of amnesia {unknown}
 t - 3 scrolls of remove curse
 v - a scroll of blinking {unknown}
 C - 3 scrolls of identify
Potions
 d - a potion of might
 h - a potion of agility
 k - a potion of heal wounds
 l - 2 potions of mutation {unknown}
 p - a potion of resistance {unknown}
 u - 5 potions of curing
 D - a potion of magic {unknown}
 F - a potion of berserk rage {unknown}
Comestibles
 f - 10 rations


   Skills:
 + Level 7.6 Fighting
 * Level 9.8 Axes
 + Level 7.6 Armour
 + Level 7.5 Shields


You had 8 spell levels left.
You didn't know any spells.
Your spell library was empty.

Dungeon Overview and Level Annotations

Branches:
Dungeon (10/15)            Temple (0/1) D:6
   Lair: D:8-11         Orc: D:9-12

Altars:
Makhleb
Nemelex Xobeh
Uskayaw

Shops:
D:7 *


Innate Abilities, Weirdness & Mutations

You reflexively headbutt those who attack you in melee.
You have a pair of horns on your head.


Message History

You hit the killer bee. You hit the warg. You block the killer bee's attack.
The killer bee barely misses you. You furiously retaliate!
You headbutt the killer bee. The troll barely misses you.
You block the troll's attack. The troll claws you.
* * * LOW HITPOINT WARNING * * *
The warg bites you but does no damage. You block the killer bee's attack.
The killer bee barely misses you.
You hit the troll.
The troll is almost dead.
You miss the killer bee. You barely miss the killer bee.
Your plate armour "Unemetyx" prevents you from hitting the warg.
The killer bee completely misses you. You furiously retaliate!
You headbutt the killer bee!
You kill the killer bee!
The killer bee stings you but does no damage.
The warg bites you.
* * * LOW HITPOINT WARNING * * *
The troll bites you!
You die...
Your body disappears without a glow.

...........##
#.....!......
##............
##.............
##..............
#...............
................
#....h†h.h...
#...@T.......
#....y.......
#...............
##..............
#...............
....#...........
..####..........
.# ##........


You could see a troll, 3 wargs and a killer bee.

Vanquished Creatures
  Eustachio (D:6)
  Edmund (D:6)
  A water moccasin (D:7)
  A phantom (D:5)
  A necrophage (D:5)
  A centaur (D:5)
  3 ogres
  A big kobold (D:7)
  2 bullfrogs
  2 scorpions
  5 killer bees (D:9)
  A howler monkey (D:4)
  3 crimson imps
  A quasit (D:6)
  4 orc priests (D:5)
  A bullfrog zombie (D:5)
  A hound (D:4)
  5 orc wizards
  3 bullfrog skeletons
  A centaur skeleton (D:5)
  Terence (D:2)
  3 iguanas
  3 worker ants
  Robin (D:2)
  7 adders
  3 gnolls (D:4)
  A shadow imp (D:5)
  2 oozes (D:1)
  An adder skeleton (D:5)
  2 dart slugs
  4 leopard geckos
  18 orcs
  8 bats
  5 giant cockroaches
  19 goblins
  19 hobgoblins
  4 jackals
  11 kobolds
  5 quokkas
  2 ball pythons
  2 frilled lizards
  A giant cockroach zombie (D:3)
  A jackal skeleton (D:7)
  A quokka zombie (D:5)
  8 rats
  A plant (D:6)
172 creatures vanquished.

Notes
Turn   | Place    | Note
-------+----------+-------------------------------------------
     0 | D:1      | Mrkan the Minotaur Fighter began the quest for the Orb.
     0 | D:1      | Reached XP level 1. HP: 19/19 MP: 0/0
     6 | D:1      | Noticed a swamp worm
     6 | D:1      | Noticed a hound
     6 | D:1      | Noticed a polar bear
     8 | D:1      | Noticed a wyvern
     8 | D:1      | Noticed a redback
    30 | D:1      | Reached XP level 2. HP: 27/27 MP: 1/1
    93 | D:1      | Reached skill level 3 in Axes
   726 | D:1      | Reached XP level 3. HP: 31/33 MP: 2/2
   809 | D:2      | Noticed Robin
   840 | D:2      | Killed Robin
  1070 | D:2      | Reached XP level 4. HP: 37/40 MP: 3/3
  1146 | D:2      | Reached skill level 4 in Axes
  1386 | D:2      | Noticed Terence
  1396 | D:2      | Killed Terence
  1648 | D:3      | Reached XP level 5. HP: 47/47 MP: 4/4
  2216 | D:4      | Reached skill level 5 in Axes
  2259 | D:4      | Reached XP level 6. HP: 26/55 MP: 5/5
  2262 | D:4      | Reached skill level 5 in Fighting
  2262 | D:4      | Reached skill level 5 in Armour
  2646 | D:4      | Found a sparkling altar of Nemelex Xobeh.
  2699 | D:4      | Reached skill level 5 in Shields
  2908 | D:4      | Became a worshipper of Nemelex Xobeh the Trickster
  2934 | D:4      | Received a gift from Nemelex Xobeh
  2941 | D:4      | Reached skill level 6 in Axes
  2956 | D:4      | Reached XP level 7. HP: 50/61 MP: 6/6
  3146 | D:5      | Entered Level 5 of the Dungeon
  3595 | D:5      | Reached skill level 7 in Axes
  3871 | D:5      | Got a polished plate armour
  3883 | D:5      | Identified the +1 plate armour "Unemetyx" {rElec rC- rCorr
                  | Int+5} (You found it on level 5 of the Dungeon)
  3968 | D:5      | Reached XP level 8. HP: 70/70 MP: 7/7
  4032 | D:5      | Reached * piety under Nemelex Xobeh
  4250 | D:5      | Found a burning altar of Makhleb.
  4250 | D:5      | Found a hide-covered altar of Uskayaw.
  4298 | D:6      | Noticed Edmund
  4307 | D:6      | Killed Edmund
  4307 | D:6      | Reached skill level 8 in Axes
  4420 | D:6      | Found a staircase to the Ecumenical Temple.
  4689 | D:6      | Noticed Eustachio
  4736 | D:6      | Killed Eustachio
  4736 | D:6      | Reached skill level 9 in Axes
  5357 | D:7      | Reached XP level 9. HP: 78/79 MP: 8/8
  5559 | D:7      | Found Kety's General Store.
  5567 | D:7      | Bought a potion of curing for 45 gold pieces
  5567 | D:7      | Bought a potion of heal wounds for 75 gold pieces
  5567 | D:7      | Bought a scroll of remove curse for 45 gold pieces
  5621 | D:7      | You fall into a shaft and drop 3 floors!
  5621 | D:10     | Entered Level 10 of the Dungeon
  5622 | D:10     | Noticed a troll
  5670 | D:9      | Slain by a troll

Levels and vault maps discovered:
D:1:      onia_arrival_zoo_common, layout_basic, moated_statue,
          minmay_tromino_v2
D:2:      minmay_angry_zag, layout_rooms, first_ration, uniq_terence, uniq_robin
D:3:      layout_basic, minmay_misc_feat_chi
D:4:      layout_basic, nemelex_altar_shiori
D:5:      layout_loops_ring, gammafunk_temple_overflow_statue
D:6:      layout_loops_ring, minmay_temple_entry_nine_rooms,
          serial_bayou_pond_d, uniq_eustachio, uniq_edmund
D:7:      layout_rooms, serial_shops, shop_fountains, minmay_misc_feat_plants,
          grunt_ogre_cave
D:9:      minmay_ornate_pinched, layout_layer_cave, overflow_temple_1_default,
          gammafunk_temple_overflow_wave, minmay_orc_entry_guard_dogs,
          st_stairs_12, nemelex_lonely_heart_becter
D:10:     layout_loops_ring, erik_lair_island, gammafunk_ghost_necromancy

Skill      XL: |  1  2  3  4  5  6  7  8 |
---------------+-------------------------+-----
Axes           | 3 4 5 6 7 9 |  9.8
Armour         | 4 5 6 7 |  7.6
Fighting       | 4 5 6 7 |  7.6
Shields        | 4 5 6 7 |  7.5

Action                   |  1- 3 |  4- 6 |  7- 9 || total
-------------------------+-------+-------+-------++-------
Melee: War axe           |    79 |   145 |   253 ||   477
       Headbutt          |     9 |    27 |    42 ||    78
  Use: Scroll            |       |     2 |       ||     2
       Potion            |       |       |     1 ||     1
  Eat: Chunk             |     1 |     6 |     8 ||    15
Armor: Scale mail        |    11 |       |       ||    11
       Chain mail        |    37 |   103 |    31 ||   171
       Plate armour      |       |       |   209 ||   209
Dodge: Dodged            |    31 |    33 |    87 ||   151
Block: Shield            |    42 |    88 |   167 ||   297
